Unix NetHack Version 5.0.0-0 post-release - last build Jun 10 2026 00:39:30 (3ee93aec679c4c4259841fe613dc97188e26a321,branch:main).

Game began 2026-06-15 14:11:41, ended 2026-06-15 14:39:51.

LDaviesPeters, neutral female human Archeologist

                                                                 ------
     ----.----             ------                                |.!*?|
     |.......|            #.....|                              ##+.?!%|
     |.......|            #|.{..%######                        # |.?%?|
     |........#           #|....|#    ##     ----------------  # |.%.+|
     -+----|--#           #|....|#     ######-..............-# # |.%(]|
      ######  #           #------#           |......(.......|% # ------
       ####   #           #      #           |..............|###
  --------.-  #           #      #           |..............|#
 |```.^^..`|  #           #      "           ----------------##
 |..^...e..|  ####################            %################
 |.........|  #-----------#   #--------      ##               #
 |.^.......|  #|..........#   #.[......#######                #
 |```....... `#|.........|     |......|                       #
 |$..}}}@^.|  #|.........|     |...>..|                       ##   ---------
 |...`..`.`|  #|.........|     --------                        ##  |...<|..|
 |.`..`....|  #|.........|                                      ###-.......|
 | .`....`.|  #..........|                                         |.......|
  ----------   ------+----                                         ---------

LDaviesPeters the Field Worker  St:14 Dx:10 Co:13 In:14 Wi:15 Ch:11  Neutral
Dlvl:4  $:3  HP:0(42) Pw:17(17) AC:9  Xp:5 T:2419 

Latest messages:
 You hear the chime of a cash register.
 What do you want to eat? [dlnw or ?*] ?
 This food really hits the spot!
 You finish eating the food ration.
 You hear someone cursing shoplifters.
 You kill the lichen!
 You see here a lichen corpse.
 There is a lichen corpse here; eat it? [ynq] (n) y
 This lichen corpse tastes okay.
 You finish eating the lichen corpse.
 You hear someone cursing shoplifters.
 Click!  You trigger a rolling boulder trap!
 You hear a loud crash as one boulder sets another in motion!
 You are hit by a boulder!
 You hear a loud crash as one boulder hits another!
 You push the boulder into the pool of water.
 Now you can cross it!
 With great effort you move the boulder.
 You push the boulder into the pool of water.
 Now you can cross it!
 You find a rolling boulder trap.
 With great effort you move the boulder.
 You push the boulder into the pool of water.
 Now you can cross it!
 With great effort you move the boulder.
 You push the boulder into the pool of water.
 Now you can cross it!
 You find a rolling boulder trap.
 Click!  You trigger a rolling boulder trap!
 You hear a loud crash as one boulder sets another in motion!
 You are hit by a boulder!
 With great effort you move the boulder.
 You push the boulder into the pool of water.
 Now you can cross it!
 Click!  You trigger a rolling boulder trap!
 You hear a loud crash!
 You hear a loud crash as one boulder sets another in motion!
 You are hit by a boulder!
 With great effort you move the boulder.
 You try to move the next boulder, but in vain.
 There is a large splash as the boulder falls into the pool of water.
 It sinks without a trace!
 With great effort you move the boulder.
 With great effort you move the boulder.
 You push the boulder into the pool of water.
 Now you can cross it!
 Click!  You trigger a rolling boulder trap!
 You are hit by a boulder!
 You die...
 Do you want your possessions identified? [ynq] (y) q

Inventory:
 Coins    ('$')
  $ - 3 gold pieces
 Weapons  (')')
  o - 6 +0 arrows
  r - 3 +0 darts (at the ready)
  L - a +0 orcish dagger
  a - a +2 bullwhip (weapon in right hand)
 Armor    ('[')
  c - an uncursed +0 fedora (being worn)
  M - an uncursed +0 orcish helm
  h - an uncursed +0 leather jacket (being worn)
 Comestibles  ('%')
  l - an uncursed slime mold
  d - 4 uncursed food rations
  n - a cursed food ration
  w - an uncursed tripe ration
 Rings    ('=')
  q - a cursed ring of teleportation
 Wands    ('/')
  v - a wand of digging (0:4)
 Tools    ('(')
  b - an uncursed sack containing 12 items
  K - an uncursed blindfold
  k - an uncursed skeleton key
  f - a tinning kit (0:78)
 Gems/Stones  ('*')
  i - an uncursed jasper stone
  g - an uncursed touchstone

Contents of the sack:
  34 gold pieces
  an uncursed scroll of earth
  an uncursed scroll of food detection
  a blessed scroll of identify
  an uncursed scroll of identify
  an uncursed scroll of light
  an uncursed scroll of magic mapping
  2 cursed potions of healing
  an uncursed potion of extra healing
  2 uncursed potions of restore ability
  an uncursed potion of speed
  a +0 pick-axe

LDaviesPeters the Archeologist's attributes:

Background:
 You were a Field Worker, a level 5 female human Archeologist.
 You were neutral, on a mission for Camaxtli
 who was opposed by Quetzalcoatl (lawful) and Huhetotl (chaotic).
 You were right-handed.
 You were in the Dungeons of Doom, on level 4.
 You entered the dungeon 2419 turns ago.
 There was a new moon in effect when your adventure ended.
 You had 205 experience points, 115 more were needed to attain level 6.

Basics:
 You had 0 out of 42 hit points.
 You had all 17 energy points (spell power).
 Your armor class was 9.
 Your wallet contained 3 zorkmids, and
 you had 34 more stashed away in your pack.
 Autopickup was off.

Final Characteristics:
 Your strength was 14 (limit:18/100).
 Your dexterity was 10 (limit:18).
 Your constitution was 13 (limit:18).
 Your intelligence was 14 (limit:18).
 Your wisdom was 15 (limit:18).
 Your charisma was 11 (limit:18).

Final Status:
 You weren't hungry.
 You were unencumbered.
 You were wielding a whip.
 You were skilled in whip.

Final Attributes:
 You were piously aligned.
 You were telepathic.
 You had automatic searching.
 You were stealthy.
 You were lucky.
 You are dead.

Miscellaneous:
 You didn't encounter any bones levels.
 Total elapsed playing time was 28 minutes and 9 seconds.

Major events:
 Turn
    1: LDaviesPeters the neutral female human Archeologist entered the dungeon
 1053: attained the rank of Field Worker (level 3)
 1517: entered the Gnomish Mines
 2419: killed by a boulder

You didn't know any spells.

Skills:
 Fighting Skills
   bare handed combat [Unskilled]
   two weapon combat  [Unskilled]
   riding             [Unskilled]
 Weapon Skills
   dagger             [Unskilled]
   knife              [Unskilled]
   pick-axe           [Basic]
   short sword        [Unskilled]
   saber              [Unskilled]
   club               [Unskilled]
   quarterstaff       [Unskilled]
   sling              [Unskilled]
   dart               [Unskilled]
   boomerang          [Unskilled]
   whip               [Skilled]
   unicorn horn       [Unskilled]
 Spellcasting Skills
   attack spells      [Unskilled]
   healing spells     [Unskilled]
   divination spells  [Unskilled]
   matter spells      [Unskilled]

Voluntary challenges:
 Character rerolling was not enabled.
 You never genocided any monsters.
 You never polymorphed an object.
 You never changed form.
 You used no wishes.
Achievements:
 You entered a shop.
 You attained the rank of Field Worker.
 You entered the Gnomish Mines.

 The Dungeons of Doom: levels 1 to 5
    Level 1:
    Level 2:
       An armor shop.
    Level 3:
       A scroll shop.
       Stairs down to The Gnomish Mines.
    Level 4: <- You were here.
       A general store, a sink, a grave.
       Final resting place for
          you, killed by a boulder.
    Level 5:
 The Gnomish Mines:
    Level 4:


Vanquished creatures:
  a shrieker
  a gnome leader
  a floating eye
  2 kittens
  a dwarf
  a homunculus
  a rabid rat
  a giant bat
 an iguana
  3 giant rats
  2 cave spiders
  a green mold
  6 gnomes
  a gnome zombie
  2 geckos
  5 jackals
  a fox
  3 kobolds
  5 goblins
  2 sewer rats
  3 grid bugs
  a bat
  5 lichens
  5 newts
55 creatures vanquished.

No species were genocided or became extinct.

Game over:
                       ----------
                      /          \
                     /    REST    \
                    /      IN      \
                   /     PEACE      \
                  /                  \
                  |  LDaviesPeters   |
                  |      37 Au       |
                  |   killed by a    |
                  |     boulder      |
                  |                  |
                  |                  |
                  |       2026       |
                 *|     *  *  *      | *
        _________)/\\_//(\/(/\)/\//\/|_)_______

Goodbye LDaviesPeters the Archeologist...

You died in The Dungeons of Doom on dungeon level 4 with 1054 points,
and 37 pieces of gold, after 2419 moves.
You were level 5 with a maximum of 42 hit points when you died.

